 Dungeon Crawl Stone Soup version 0.19.0 (webtiles) character file.

78995 Gorglomux the Severer (level 15, -5/147 HPs)
             Began as a Minotaur Berserker on Nov 1, 2016.
             Was a High Priest of Trog.
             Killed from afar by Nikola (57 damage)
             ... with a bolt of lightning
             ... on level 1 of the Spider Nest.
             The game lasted 01:03:03 (20546 turns).

Gorglomux the Severer (Minotaur Berserker)         Turns: 20546, Time: 01:03:03

Health: -5/147     AC: 17    Str: 34    XL:     15   Next: 19%
Magic:  14/14      EV: 15    Int:  7    God:    Trog [*****.]
Gold:   2338       SH:  0    Dex: 11    Spells: 0 memorised, 14 levels left

rFire  . . .     SeeInvis +     O - +8 executioner's axe of Hininn {freeze, Int+3}
rCold  . . .     Gourm    .     d - +0 chain mail of Liofo {MR+ Regen+ rCorr Dex+2}
rNeg   . . .     Faith    .     (shield currently unavailable)
rPois  .         Spirit   .     (helmet restricted)
rElec  .         Reflect  .     u - +0 cloak "Toryol" {Stlth+}
rCorr  +         Harm     .     t - +0 pair of gloves
MR     ++++.                    p - +0 pair of boots
Stlth  ..........               (no amulet)
                                s - +5 ring of strength
                                B - ring of see invisible

@: confused, lethally poisoned (-5 -> -6), regenerating, studying Dodging
A: retaliatory headbutt, horns 2
a: Berserk, Trog's Hand, Brothers in Arms, Burn Spellbooks, Renounce Religion


You were on level 1 of the Spider Nest.
You worshipped Trog.
Trog was extremely pleased with you.
You were not hungry.

You visited 5 branches of the dungeon, and saw 22 of its levels.
You also visited: Sewer and Ice Cave.

You collected 2594 gold pieces.
You spent 256 gold pieces at shops.

Inventory:

Hand Weapons
 k - a +5 great mace of protection
 O - the +8 executioner's axe of Hininn (weapon) {freeze, Int+3}
   (Trog gifted it to you on level 5 of the Lair of Beasts)

   It has been specially enchanted to freeze those struck by it, causing extra
   injury to most foes and up to half again as much damage against particularly
   susceptible opponents.
   It can also slow down cold-blooded creatures.
   It affects your intelligence (+3).
Missiles
 C - 38 tomahawks (quivered)
 N - 4 exploding tomahawks
Armour
 d - the +0 chain mail of Liofo (worn) {MR+ Regen+ rCorr Dex+2}
   (You found it on level 6 of the Lair of Beasts)

   It affects your dexterity (+2).
   It affects your resistance to hostile enchantments.
   It increases your rate of regeneration.
   It protects you from acid and corrosion.
 p - a +0 pair of boots (worn)
 t - a +0 pair of gloves (worn)
 u - the +0 cloak "Toryol" (worn) {Stlth+}
   (You bought it in a shop on level 2 of the Orcish Mines)

   It makes you more stealthy.
Jewellery
 s - a +5 ring of strength (right hand)
 B - a ring of see invisible (left hand)
Wands
 g - a wand of iceblast (7/15)
 q - a wand of acid (9/15)
 D - a wand of teleportation (4/9)
 S - a wand of teleportation (3/9)
 Y - a wand of lightning (10/15)
Scrolls
 a - a scroll of fog
 o - 8 scrolls of teleportation
 y - 2 scrolls of magic mapping
 E - 6 scrolls of remove curse
 H - a scroll of vulnerability {unknown}
 K - 2 scrolls of fear
 R - a scroll of enchant armour
 W - 3 scrolls of blinking
Potions
 e - 3 potions of agility
 f - 7 potions of curing
 h - 4 potions of berserk rage
 i - 4 potions of brilliance
 l - 2 potions of cure mutation {unknown}
 m - 4 potions of haste
 r - 2 potions of lignification
 v - 2 potions of heal wounds
 z - a potion of magic {unknown}
 A - 4 potions of might
 M - 2 potions of ambrosia
 V - a potion of resistance
 X - 3 potions of flight
Books
 w - a manual of Dodging
Comestibles
 b - 6 meat rations
 c - 9 bread rations
 F - 14 fruits
 G - 11 royal jellies
 Q - 3 beef jerkies
 T - 3 chunks of flesh


   Skills:
 + Level 17.4 Fighting
 + Level 19.9 Axes
 + Level 12.0 Armour
 + Level 12.2 Dodging


You had 14 spell levels left.
You didn't know any spells.

Dungeon Overview and Level Annotations

Branches:
Dungeon (12/15)            Temple (0/1) D:4            Lair (6/6) D:8
 Shoals (1/4) Lair:4       Spider (1/4) Lair:4        Slime (0/5) Lair:6
    Orc (2/2) D:10            Elf (0/3) Orc:2

Altars:
Ashenzari
Cheibriados
Fedhas
Gozag
Nemelex Xobeh
Okawaru
Ru
Trog
Xom
Yredelemnul
Zin
Beogh
Jiyva

Shops:
D:4 (   D:7 :   Orc:1 :   Orc:2 :([[

Annotations:
Spider:1 Nikola


Innate Abilities, Weirdness & Mutations

You reflexively headbutt those who attack you in melee.
You have a pair of horns on your head.


Message History

The tarantella barely misses you.
Your skin crawls.
You feel resistant to hostile enchantments.
You feel quite a bit more hungry. The wolf spider hits you!
The wolf spider closely misses you. The tarantella bites you!
You are confused.
The wolf spider barely misses you. The wolf spider bites you.
You are poisoned.
The wolf spider poisons you!
You chop the wolf spider into pieces!!! You freeze the wolf spider.
You kill the wolf spider!
Trog accepts your kill.
You hit the tarantella. You freeze the tarantella.
You closely miss the wolf spider.
You feel very sick. The tarantella misses you.
The wolf spider barely misses you.
The wolf spider bites you but does no damage.
Nikola points at you and mumbles some strange words.
The bolt of lightning hits you!
You die...

...............
...............^
.......@........
.[..............
.........s?.....
.................
...%...s.s.......
........@†....^..
........††^.....
.......^......###
..............).#
...............#
...............#
.#.%......<..###
#.......%.###
#....#...##


You could see Nikola, a wolf spider, an orb spider and a tarantella.

Vanquished Creatures
  Rupert (Lair:6)
  A frost giant (IceCv)
  2 orc warlords
  The ghost of appiemonkey the Protected, a journeyman MiFi of Ru (Orc:1)
  Erolcha (D:10)
  6 hydras
  4 catoblepae (Lair:6)
  11 death yaks
  Nergalle (D:11)
  An unseen horror (D:12)
  The ghost of Gorglomux the Cleaver, a novice DDFi (D:6)
  Pikel (D:8)
  4 hill giants (D:12)
  2 orc knights
  2 wolf spiders (Spider:1)
  An orc sorcerer (Orc:2)
  A cyclops (D:11)
  An orb spider (Spider:1)
  9 elephants
  Maurice (D:11)
  An ice statue (IceCv)
  4 rime drakes
  5 spiny frogs
  A kobold demonologist (D:11)
  7 komodo dragons
  3 meliai (D:12)
  3 jumping spiders
  20 polar bears
  A queen bee (D:12)
  A merfolk (D:12)
  7 trolls
  Grinder (D:3)
  8 hippogriffs
  7 dream sheep (Lair:4)
  2 two-headed ogres
  10 blink frogs
  The ghost of Cokeysmoke the Destroyer, an amateur TeCj of Vehumet (D:4)
  2 tarantellas (Spider:1)
  68 yaks
  A wraith (D:9)
  6 basilisks
  A human (D:12)
  Grum (Lair:1)
  2 steam dragons
  3 hungry ghosts
  Edmund (D:6)
  4 wargs
  A soldier ant (D:11)
  14 water moccasins
  4 porcupines
  27 orc warriors
  2 slaves (D:8)
  2 ice beasts
  4 black bears
  2 eyes of draining
  11 ogres
  2 phantoms
  2 necrophages
  21 wolves
  16 crocodiles
  21 centaurs
  3 big kobolds
  14 bullfrogs
  4 scorpions
  11 killer bees (D:12)
  10 wights
  2 howler monkeys
  2 electric eels (Lair:5)
  5 crimson imps
  A bullfrog zombie (D:10)
  A quasit (D:10)
  2 centaur zombies
  3 jellies
  23 orc priests
  2 centaur skeletons
  6 hounds
  39 orc wizards
  6 iguanas
  9 worker ants
  Terence (D:2)
  2 hound zombies (D:6)
  A hound skeleton (D:6)
  Robin (D:4)
  12 adders
  7 gnolls
  2 river rats
  3 shadow imps
  2 oozes
  2 adder skeletons
  An adder zombie (D:8)
  10 worms
  A dart slug (D:5)
  7 leopard geckos
  119 orcs
  7 bats
  5 giant cockroaches
  11 goblins
  11 hobgoblins
  4 jackals (D:4)
  5 quokkas
  11 ball pythons
  5 frilled lizards
  18 kobolds
  A leopard gecko skeleton (D:8)
  2 quokka zombies
  6 rats
  3 fungi
  6 plants
761 creatures vanquished.

Vanquished Creatures (collateral kills)
  An orc warlord (Orc:2)
  2 death yaks (Lair:6)
  6 yaks (Lair:6)
  An orc warrior (Orc:2)
  An orc wizard (Orc:2)
  An orc priest (Orc:2)
  2 orcs (Orc:2)
14 creatures vanquished.

Vanquished Creatures (others)
  A jumping spider (Spider:1)
  A howler monkey (D:8)
  An adder (D:8)
  2 fungi (Lair:4)
  2 plants
7 creatures vanquished.

Grand Total: 782 creatures vanquished

Notes
Turn   | Place    | Note
-------+----------+-------------------------------------------
     0 | D:1      | Gorglomux the Minotaur Berserker began the quest for the Orb.
     0 | D:1      | Reached XP level 1. HP: 19/19 MP: 0/0
   102 | D:1      | Reached skill level 4 in Axes
   102 | D:1      | Reached XP level 2. HP: 8/27 MP: 1/1
   739 | D:2      | Noticed Terence
   749 | D:2      | Killed Terence
   749 | D:2      | Reached XP level 3. HP: 24/34 MP: 2/2
  1027 | D:2      | Reached skill level 5 in Axes
  1149 | D:2      | Reached XP level 4. HP: 39/41 MP: 3/3
  1714 | D:3      | Reached ** piety under Trog
  1735 | D:3      | Reached skill level 5 in Fighting
  1735 | D:3      | Reached skill level 6 in Axes
  1735 | D:3      | Reached XP level 5. HP: 11/48 MP: 4/4
  2161 | D:3      | Noticed Grinder
  2186 | D:3      | Killed Grinder
  2186 | D:3      | Reached skill level 7 in Axes
  2186 | D:3      | Reached XP level 6. HP: 20/57 MP: 5/5
  2704 | D:4      | Reached skill level 8 in Axes
  2760 | D:4      | Reached XP level 7. HP: 61/63 MP: 6/6
  2846 | D:4      | Found Wudei's Weapon Shoppe.
  2933 | D:4      | Noticed Cokeysmoke's ghost (amateur TeCj)
  2955 | D:4      | Killed Cokeysmoke's ghost
  2966 | D:4      | Found a glowing drain.
  3056 | Sewer    | Entered a sewer
  3142 | Sewer    | Reached skill level 9 in Axes
  3316 | Sewer    | Reached *** piety under Trog
  3536 | D:4      | Found a staircase to the Ecumenical Temple.
  3657 | D:4      | Noticed Robin
  3662 | D:4      | Killed Robin
  3762 | D:5      | Entered Level 5 of the Dungeon
  3773 | D:5      | Got a bound marble ring
  3787 | D:5      | Identified the ring "Goyno" {Ice *Corrode Str+6} (You found it on level 5 of the Dungeon)
  3971 | D:5      | Reached XP level 8. HP: 73/73 MP: 7/7
  4055 | D:5      | Reached skill level 10 in Axes
  4507 | D:6      | Received a gift from Trog
  4508 | D:6      | Found a bloodstained altar of Trog.
  4511 | D:6      | Noticed Gorglomux's ghost (novice DDFi)
  4524 | D:6      | Killed Gorglomux's ghost
  4524 | D:6      | Reached skill level 11 in Axes
  4668 | D:6      | Found a shattered altar of Ashenzari.
  4668 | D:6      | Found a blossoming altar of Fedhas.
  4700 | D:6      | Reached XP level 9. HP: 56/83 MP: 8/8
  4722 | D:6      | Noticed Edmund
  4731 | D:6      | Killed Edmund
  4731 | D:6      | Reached skill level 12 in Axes
  4863 | D:6      | Found a glowing silver altar of Zin.
  4863 | D:6      | Found an opulent altar of Gozag.
  5331 | D:7      | Found Suapni's Book Boutique.
  5414 | D:7      | Reached **** piety under Trog
  5563 | D:7      | Received a gift from Trog
  5708 | D:8      | Found a snail-covered altar of Cheibriados.
  5767 | D:8      | Reached skill level 10 in Fighting
  5767 | D:8      | Reached skill level 13 in Axes
  5799 | D:8      | Reached XP level 10. HP: 82/94 MP: 9/9
  5819 | D:8      | Reached skill level 14 in Axes
  5830 | D:8      | Received a gift from Trog
  5873 | D:8      | Found a staircase to the Lair.
  5880 | D:8      | Noticed Pikel
  5890 | D:8      | Killed Pikel
  6280 | D:8      | Found a sacrificial altar of Ru.
  6664 | Lair:1   | Entered Level 1 of the Lair of Beasts
  6712 | Lair:1   | Reached skill level 15 in Axes
  6854 | Lair:1   | Noticed Grum
  6865 | Lair:1   | Killed Grum
  7139 | Lair:1   | Reached XP level 11. HP: 78/104 MP: 10/10
  7219 | Lair:1   | Reached skill level 16 in Axes
  7487 | Lair:2   | Noticed a seven-headed hydra
  7558 | D:9      | Reached ***** piety under Trog
  7564 | D:9      | Received a gift from Trog
  7807 | D:9      | Received a gift from Trog
  8393 | D:9      | Found a basalt altar of Yredelemnul.
  8393 | D:9      | Found a shimmering altar of Xom.
  8394 | D:9      | Found a sparkling altar of Nemelex Xobeh.
  8455 | D:10     | Entered Level 10 of the Dungeon
  8554 | D:10     | Noticed Erolcha
  8557 | D:10     | Paralysed by Erolcha for 2 turns
  8579 | D:10     | Killed Erolcha
  8624 | D:10     | You fall through a shaft!
  8694 | D:10     | Reached skill level 17 in Axes
  8850 | D:10     | Found a staircase to the Orcish Mines.
  8853 | D:10     | Noticed an orc knight
  8861 | D:10     | Found a roughly hewn altar of Beogh.
  8904 | D:10     | Killed an orc knight
  8909 | D:10     | Received a gift from Trog
  9364 | Lair:2   | Killed a seven-headed hydra
  9560 | Lair:2   | Reached XP level 12. HP: 85/115 MP: 11/11
  9789 | Lair:2   | Reached skill level 18 in Axes
 11321 | Lair:3   | Noticed a six-headed hydra
 11335 | Lair:3   | Killed a six-headed hydra
 11921 | Lair:4   | Reached skill level 5 in Armour
 11933 | Lair:4   | Reached skill level 5 in Dodging
 12184 | Lair:4   | Found a staircase to the Shoals.
 12307 | Lair:4   | Noticed a four-headed hydra
 12315 | Lair:4   | Killed a four-headed hydra
 12538 | Lair:4   | Found a hole to the Spider Nest.
 12569 | Lair:4   | Reached XP level 13. HP: 117/125 MP: 12/12
 12581 | Lair:4   | Reached skill level 15 in Fighting
 13091 | Shoals:1 | Entered Level 1 of the Shoals
 13091 | Shoals:1 | Noticed a merfolk impaler
 13137 | Lair:5   | Found a frozen archway.
 13192 | IceCv    | Entered an ice cave
 14118 | IceCv    | Reached ****** piety under Trog
 14181 | IceCv    | Noticed a frost giant
 14222 | IceCv    | Killed a frost giant
 14514 | Lair:5   | Received a gift from Trog
 14527 | Lair:5   | Got a crude executioner's axe {god gift}
 14528 | Lair:5   | Identified the +8 executioner's axe of Hininn {freeze, Int+3} (Trog gifted it to you on level 5 of the Lair of Beasts)
 15181 | Lair:6   | Entered Level 6 of the Lair of Beasts
 15236 | Lair:6   | Noticed Rupert
 15245 | Lair:6   | Killed Rupert
 15635 | Lair:6   | Reached XP level 14. HP: 124/137 MP: 13/13
 15665 | Lair:6   | Reached skill level 10 in Armour
 15670 | Lair:6   | Reached skill level 19 in Axes
 15763 | Lair:6   | Found a viscous altar of Jiyva.
 15764 | Lair:6   | Found a staircase to the Slime Pits.
 16368 | Lair:6   | Got a warped chain mail
 16391 | Lair:6   | Reached skill level 10 in Dodging
 16435 | Lair:6   | Identified the cursed +0 chain mail of Liofo {MR+ Regen+ rCorr Dex+2} (You found it on level 6 of the Lair of Beasts)
 17212 | D:11     | Received a gift from Trog
 17401 | D:11     | Noticed Maurice
 17409 | D:11     | Noticed Nergalle
 17411 | D:11     | Killed Maurice
 17420 | D:11     | Killed Nergalle
 18000 | D:12     | Found a sacrificial altar of Ru.
 18650 | Orc:1    | Entered Level 1 of the Orcish Mines
 18650 | Orc:1    | Found an iron altar of Okawaru.
 18650 | Orc:1    | Found Guiloumu's Book Shop.
 18758 | Orc:1    | Noticed appiemonkey's ghost (journeyman MiFi)
 18771 | Orc:1    | Killed appiemonkey's ghost
 18836 | Orc:1    | Noticed an orc warlord
 18850 | Orc:1    | Killed an orc warlord
 19200 | Orc:2    | Entered Level 2 of the Orcish Mines
 19234 | Orc:2    | Found a staircase to the Elven Halls.
 19344 | Orc:2    | Noticed an orc warlord
 19360 | Orc:2    | Killed an orc warlord
 19360 | Orc:2    | Reached XP level 15. HP: 147/147 MP: 14/14
 19452 | Orc:2    | Noticed an orc warlord
 19457 | Orc:2    | Received a gift from Trog
 19465 | Orc:2    | Killed an orc warlord
 19482 | Orc:2    | Found Cosh's Antique Armour Emporium.
 19517 | Orc:2    | Found a roughly hewn altar of Beogh.
 19518 | Orc:2    | Found Sotwon's Antique Weapon Shoppe.
 19733 | Orc:2    | Found a roughly hewn altar of Beogh.
 19804 | Orc:2    | Found a roughly hewn altar of Beogh.
 19933 | Orc:2    | Found a roughly hewn altar of Beogh.
 19968 | Orc:2    | Found a roughly hewn altar of Beogh.
 20007 | Orc:2    | Found a roughly hewn altar of Beogh.
 20080 | Orc:2    | Found a roughly hewn altar of Beogh.
 20089 | Orc:2    | Received a gift from Trog
 20090 | Orc:2    | Found Covupsuo's Book Boutique.
 20204 | Orc:2    | Found a roughly hewn altar of Beogh.
 20215 | Orc:2    | Found Jattidun's Antique Armour Shoppe.
 20220 | Orc:2    | Bought a heavily runed cloak for 256 gold pieces
 20237 | Orc:2    | Identified the +0 cloak "Toryol" {Stlth+} (You bought it in a shop on level 2 of the Orcish Mines)
 20520 | Spider:1 | Entered Level 1 of the Spider Nest
 20544 | Spider:1 | Noticed Nikola
 20546 | Spider:1 | Killed from afar by Nikola

Skill      XL: |  1  2  3  4  5  6  7  8  9 10 11 12 13 14 15 |
---------------+----------------------------------------------+-----
Fighting       | 4 5 6 7 9 10 12 13 14 16 17 | 17.4
Axes           | 4 5 6 7 8 9 11 13 15 17 18 19 | 19.9
Armour         | 6 9 11 12 | 12.0
Dodging        | 5 9 11 12 | 12.2

Action                   |  1- 3 |  4- 6 |  7- 9 | 10-12 | 13-15 || total
-------------------------+-------+-------+-------+-------+-------++-------
Melee: Hand axe          |    66 |   114 |   271 |   671 |   234 ||  1356
       Headbutt          |    12 |    18 |    98 |   219 |   199 ||   546
       Flail             |       |       |       |    65 |    63 ||   128
       Executioner's axe |       |       |       |       |   427 ||   427
       Battleaxe         |       |       |       |       |    14 ||    14
       Great mace        |       |       |       |       |    11 ||    11
Invok: Berserk           |       |     3 |     2 |    14 |     8 ||    27
       Trog's Hand       |       |     3 |     1 |     5 |    10 ||    19
       Burn Spellbooks   |       |       |       |     1 |     2 ||     3
       Brothers in Arms  |       |       |       |       |     3 ||     3
Evoke: Wand              |       |       |       |       |     3 ||     3
  Use: Scroll            |       |       |     7 |    13 |    11 ||    31
       Potion            |       |       |       |     1 |     1 ||     2
 Stab: Paralysed         |       |       |       |     1 |       ||     1
  Eat: Chunk             |     1 |     9 |     7 |    38 |    42 ||    97
       Bread ration      |       |       |     1 |       |       ||     1
       Pizza             |       |       |       |       |     1 ||     1
Armor: Animal skin       |    15 |    11 |       |       |       ||    26
       Ring mail         |       |     5 |    48 |       |       ||    53
       Chain mail        |       |       |    27 |   288 |   400 ||   715
Dodge: Dodged            |    35 |    63 |   116 |   260 |   511 ||   985
